 Dungeon Crawl Stone Soup version 0.27.1-3-gb3d3a73c9e (webtiles) character file.

Game seed: 9859797478292005915

15 belegose the Skirmisher (level 2, 0/24 HPs)
             Began as a Mummy Abyssal Knight on Oct 29, 2021.
             Was a Follower of Lugonu.
             Slain by a goblin (3 damage)
             ... on level 2 of the Dungeon.
             The game lasted 00:02:23 (542 turns).

belegose the Skirmisher (Mummy Abyssal Knight)       Turns: 542, Time: 00:02:24

Health: 0/24       AC:  6    Str: 15    XL:     2   Next: 34%
Magic:  3/3        EV: 11    Int: 11    God:    Lugonu [*.....]
Gold:   12         SH:  0    Dex: 11    Spells: 1/1 levels left

rFire    x . .     SeeInvis .   a - +1 mace
rCold    + . .     Faith    .   (no shield)
rNeg     + + +     Spirit   .   e - +3 leather armour
rPois    ∞         Reflect  .   (no helmet)
rElec    .         Harm     .   (no cloak)
rCorr    .         Rampage  .   (no gloves)
Will     .....                  (no boots)
Stlth    +.........             (no amulet)
HPRegen  0.08/turn              (no ring)
MPRegen  0.08/turn              (no ring)

@: no status effects
A: cold resistance 1, negative energy resistance 3, torment resistance 2, heat
vulnerability 1, no potions
a: Renounce Religion, Depart the Abyss


You were on level 2 of the Dungeon.
You worshipped Lugonu.
Lugonu was aware of your devotion.
You visited 1 branch of the dungeon, and saw 2 of its levels.
You visited the Abyss 1 time.

You collected 12 gold pieces.

Inventory:

Hand Weapons
 a - a +1 mace (weapon)
Missiles
 b - 3 stones
Armour
 e - a +3 leather armour (worn)
Scrolls
 c - 2 scrolls of teleportation {unknown}
 d - a scroll of acquirement {unknown}
 f - a scroll of enchant armour {unknown}


   Skills:
 + Level 3.2 Fighting
 + Level 1.9 Maces & Flails
 - Level 1.5 Armour
 - Level 0.7 Dodging
 + Level 2.0 Invocations


You had one spell level left.
You didn't know any spells.
Your spell library was empty.

Dungeon Overview and Level Annotations

Branches:
Dungeon (1/15)

Altars:


Innate Abilities, Weirdness & Mutations

You are immune to poison.
Your flesh is cold resistant. (rC+)
You are immune to negative energy. (rN+++)
You are immune to unholy pain and torment.
You are vulnerable to heat. (rF-)
You do not drink.


Message History

The jackal bites you.
* * * LOW HITPOINT WARNING * * *
The goblin hits you but does no damage.
The jackal bites you but does no damage. x2
The goblin misses you.
You hit the giant cockroach.
The giant cockroach is severely wounded.
The jackal bites you but does no damage.
The giant cockroach closely misses you.
The jackal bites you but does no damage.
The goblin hits you but does no damage. The jackal barely misses you.
The giant cockroach barely misses you. The jackal completely misses you.
You barely miss the giant cockroach.
The giant cockroach is severely wounded.
The jackal barely misses you. The jackal closely misses you.
The goblin barely misses you.
The giant cockroach completely misses you.
The jackal barely misses you.
You completely miss the giant cockroach.
The giant cockroach is severely wounded.
The jackal barely misses you. The giant cockroach closely misses you.
The goblin hits you with a +0 club.
* * * LOW HITPOINT WARNING * * *
The jackal bites you.
* * * LOW HITPOINT WARNING * * *
The jackal closely misses you.
The giant cockroach bites you but does no damage.
The goblin hits you but does no damage. The jackal closely misses you.
You hit the giant cockroach but do no damage.
The giant cockroach is severely wounded.
The jackal barely misses you.
The giant cockroach bites you but does no damage.
The jackal completely misses you. The jackal barely misses you.
The goblin closely misses you. The giant cockroach barely misses you.
The jackal bites you but does no damage.
You sock the giant cockroach!
You kill the giant cockroach!
Lugonu accepts your kill.
The jackal misses you. x2; The goblin hits you with a +0 club.
You die...

........#
........##
#.......#
#.......#
#.......##### .
#..........# ...
#....>....#
.....##hh......#
#....@g......#
#####........#
#........#
#........#
#........#
#........#
##########


You could see 2 jackals and a goblin.

Vanquished Creatures
  3 bats (D:1)
  An endoplasm (D:1)
  2 giant cockroaches
  4 goblins (D:1)
  A jackal (D:2)
  A quokka (D:1)
  A kobold (D:1)
13 creatures vanquished.

Notes
Turn   | Place    | Note
-------+----------+-------------------------------------------
     0 | Abyss:1  | belegose the Mummy Abyssal Knight began the quest for the
                  | Orb.
     0 | Abyss:1  | Reached XP level 1. HP: 18/18 MP: 2/2
    55 | Abyss:1  | Noticed a hellwing
    93 | Abyss:1  | Noticed a reaper
    97 | Abyss:1  | Noticed a quasit
    98 | D:1      | Escaped the Abyss
   247 | D:1      | Reached XP level 2. HP: 24/24 MP: 3/3
   413 | D:1      | Reached * piety under Lugonu
   518 | D:1      | You fall into a shaft and drop 1 floor!
   542 | D:2      | Slain by a goblin

Illustrated notes

Levels and vault maps discovered:
D:1:      amcnicky_arrival_flooded_fountain, layout_basic,
          dreamdust_ecumenical_altar_hidden_monk_grotto
D:2:      layout_rooms, serial_shops, shop, ebering_dispersal_statue_hall,
          uniq_terence

Skill      XL: |  1  2 |
---------------+-------+-----
Invocations    | 2 |  2.0
Fighting       | |  3.2
Maces & Flails | |  1.9
Armour         | |  1.5
Dodging        | |  0.7

Action                   || total
-------------------------++-------
Melee: Mace              ||    44
Invok: Depart the Abyss  ||     1
Armor: Leather armour    ||    49
Dodge: Dodged            ||    76
